Map: 紫晶浪漫-天梯版

Players

wanted

  • Race: Zerg Zerg

iGCoffeeMs (Coffee) - Winner!

  • Race: Terran Terran

Event: DreamHack SC2 Masters 2021 Winter

VOD

Have the link to the VOD?

Description

Time

  • Played on: Oct. 7, 2021, 7:38 a.m.
  • Length: 10:44

All games in this series

Show
View Real Time Build Order
Export as new Build Order

wanted Zerg 

Build Orders: Hatch First 

Get SALT Encoding   

  12  0:00  Drone  
  13  0:10  Drone  
  14  0:16  Overlord  
  14  0:25  Extractor  
  14  0:26  Drone  
  15  0:36  Drone  
  16  0:48  Hatchery  
  15  0:51  Drone  
  15  0:55  Drone  
  17  0:59  Drone  
  18  1:10  Extractor  
  17  1:14  Spawning Pool  
  17  1:16  Drone  
  17  1:20  Drone  
  18  1:27  Drone  
  19  1:37  Overlord  
  19  1:51  Drone  
  20  2:01  Queen  
  20  2:02  Zergling x2, Queen  
  20  2:03  Zergling x2  
  26  2:18  Hatchery  
  26  2:21  Drone  
  26  2:23  Drone  
  26  2:26  Drone  
  28  2:33  Drone  
  28  2:36  Metabolic Boost  
  28  2:42  Drone x2  
  29  2:47  Queen  
  31  2:53  Overlord  
  31  2:57  Overlord  
  31  3:04  Drone x3  
  34  3:12  Spore Crawler  
  33  3:15  Queen  
  33  3:19  Drone  
  36  3:26  Spore Crawler  
  35  3:30  Drone x2  
  39  3:34  Drone x4  
  39  3:38  Queen  
  39  3:40  Queen  
  47  3:45  Zergling x4  
  47  3:48  Spore Crawler  
  47  3:52  Drone x2  
  48  3:58  Drone x2  
  50  4:03  Zergling x6  
  50  4:06  Drone x2  
  50  4:07  Drone  
  50  4:09  Drone  
  57  4:15  Drone  
  57  4:16  Spore Crawler  
  57  4:19  Overlord x2  
  57  4:30  Drone, Spine Crawler  
  57  4:35  Queen, Spore Crawler  
  57  4:40  Drone x4  
  57  4:43  Spore Crawler  
  57  4:44  Drone x3  
  63  4:52  Drone x5  
  68  4:57  Overlord x2  
  68  5:03  Queen  
  70  5:12  Drone x4  
  74  5:19  Lair  
  74  5:21  Zergling x4  
  76  5:23  Overlord  
  76  5:25  Drone x2  
  78  5:31  Drone x5  
  81  5:37  Baneling Nest  
  81  5:42  Extractor x2  
  78  5:43  Drone x3  
  81  5:53  Drone x4  
  85  5:57  Overlord  
  85  6:14  Extractor  
  85  6:15  Extractor  
  85  6:18  Drone x3, Hatchery  
  85  6:19  Evolution Chamber  
  85  6:20  Evolution Chamber  
  85  6:24  Zergling x20, Hatchery  
  85  6:25  Spore Crawler  
  91  6:28  Centrifugal Hooks  
  91  6:31  Overseer  
  91  6:36  Overseer, Baneling x7  
  91  6:37  Baneling  
  91  6:46  Drone x4  
  91  6:47  Zergling x6  
  98  6:55  Overlord x5  
  98  7:12  Overlord  
  98  7:13  Queen  
  99  7:18  Drone x9  
  105  7:24  Drone x2  
  105  7:25  Drone x2  
  107  7:36  Drone  
  107  7:37  Drone x3  
  109  7:39  Zergling x6  
  109  7:41  Zerg Ground Armor Level 1  
  109  7:42  Zerg Melee Weapons Level 1  
  113  7:46  Pneumatized Carapace  
  113  7:56  Drone x2  
  113  7:57  Zergling x16  
  123  8:03  Zergling x10  
  126  8:06  Queen x2  
  126  8:10  Baneling  
  126  8:11  Baneling x9  
  130  8:13  Zergling x6  
  133  8:21  Zergling x8  
  129  8:27  Zergling x12  
  126  8:34  Zergling x6  
  126  8:35  Baneling x14  
  126  8:38  Queen  
  131  8:42  Infestation Pit  
  131  8:47  Zergling x16  
  138  8:53  Drone x2  
  140  8:58  Hatchery, Overlord  
  140  9:02  Zergling x10  
  135  9:04  Baneling  
  135  9:05  Baneling x16  
  127  9:23  Zergling x20  
  126  9:26  Overlord  
  126  9:28  Zergling x8  
  106  9:34  Zergling x10  
  106  9:36  Baneling x4  
  111  9:41  Baneling x10  
  111  9:43  Zergling x2  
  111  9:44  Zergling x4  
  110  9:46  Baneling x4  
  110  9:47  Baneling  
  110  9:48  Zergling x4  
  110  9:51  Drone  
  107  10:00  Zergling x12  
  107  10:05  Zergling x6  
  107  10:07  Queen  
  109  10:17  Zergling x12  
  105  10:22  Zergling x6  
  102  10:28  Baneling  
Show
View Real Time Build Order
Export as new Build Order

iGCoffeeMs Terran - Winner!

Build Orders: Liberator Opening, Reaper Expand 

Get SALT Encoding   

  12  0:00  SCV  
  13  0:12  SCV  
  14  0:17  Supply Depot  
  14  0:24  SCV  
  15  0:39  SCV  
  15  0:41  Barracks  
  16  0:43  Refinery  
  16  0:51  SCV  
  17  1:03  SCV  
  18  1:17  SCV  
  19  1:28  Reaper  
  19  1:29  Orbital Command  
  20  1:41  Command Center  
  20  1:50  Supply Depot  
  20  1:55  SCV  
  20  2:00  Marine  
  22  2:07  SCV  
  23  2:09  Factory  
  23  2:16  Refinery  
  23  2:19  SCV  
  23  2:21  Barracks Reactor  
  24  2:31  SCV  
  25  2:44  SCV  
  26  2:53  Starport  
  26  2:54  Orbital Command  
  26  2:56  SCV  
  26  2:58  Supply Depot  
  27  3:01  Hellion  
  27  3:03  Hellion  
  31  3:06  Barracks Tech Lab  
  31  3:15  SCV  
  32  3:20  SCV  
  32  3:23  Hellion  
  32  3:24  Hellion  
  37  3:34  Liberator  
  37  3:41  SCV x2  
  41  3:47  Supply Depot  
  41  3:49  Hellion x2  
  45  3:58  SCV x2  
  45  3:59  Stimpack  
  43  4:08  Marine  
  44  4:11  Hellion x2, Supply Depot  
  44  4:13  SCV x2  
  50  4:17  Liberator  
  53  4:26  SCV x2  
  55  4:35  Command Center  
  55  4:42  SCV x2  
  55  4:45  Factory Reactor  
  57  4:46  Barracks  
  57  4:48  Barracks  
  57  4:58  SCV x2  
  59  5:01  Engineering Bay x2  
  59  5:04  Refinery  
  59  5:05  Starport Reactor  
  59  5:15  Marine  
  59  5:19  SCV x2  
  60  5:27  Terran Infantry Weapons Level 1  
  60  5:28  Terran Infantry Armor Level 1  
  60  5:30  Refinery  
  60  5:31  SCV x2  
  62  5:35  Factory Tech Lab  
  62  5:37  Marine x2  
  62  5:38  Marine  
  63  5:43  SCV x2  
  63  5:49  Orbital Command  
  65  5:51  Barracks  
  65  5:52  Barracks  
  65  5:55  Marine  
  65  5:56  SCV x2  
  68  5:57  Marine x4  
  68  6:04  Medivac x2  
  74  6:09  Supply Depot, SCV x2  
  74  6:11  Combat Shield, Orbital Command  
  78  6:21  SCV x2  
  78  6:23  Marine x2  
  78  6:24  Marine x2  
  84  6:31  Supply Depot x2  
  84  6:33  SCV x2  
  84  6:39  SCV  
  87  6:42  Marine x5  
  92  6:52  Siege Tank, Marine  
  97  6:56  Medivac  
  97  6:57  Supply Depot, Medivac  
  97  7:00  Marine  
  102  7:03  Supply Depot x2  
  102  7:05  SCV x3  
  102  7:06  Marine x3  
  102  7:07  Barracks Reactor x2  
  107  7:11  Bunker  
  107  7:27  Marine x5  
  112  7:30  Medivac x2, Siege Tank  
  112  7:35  SCV  
  112  7:36  Supply Depot, SCV  
  115  7:38  Supply Depot  
  115  7:44  Marine  
  115  7:45  SCV, Marine x3  
  115  7:48  SCV  
  121  7:53  Supply Depot  
  121  7:54  Marine x4  
  121  7:55  Marine  
  121  7:56  Supply Depot  
  127  8:00  Armory  
  127  8:02  Siege Tank  
  129  8:11  Marine x2  
  129  8:12  Marine x6  
  137  8:13  Marine  
  137  8:15  Medivac x2  
  135  8:31  Marine  
  135  8:32  Marine  
  124  8:36  Marine x7, Barracks  
  124  8:40  Barracks  
  129  8:43  Barracks  
  127  8:49  Marine x2  
  127  8:51  Siege Tank  
  127  8:54  Marine x4  
  135  9:03  Marine  
  135  9:04  Marine x2  
  135  9:06  Medivac x2  
  138  9:12  Marine x4  
  138  9:15  Marine x2  
  144  9:18  SCV  
  144  9:21  Marine x2  
  144  9:22  Marine  
  144  9:23  Siege Tank  
  151  9:31  Marine  
  134  9:33  Marine x4  
  134  9:34  Marine x4  
  142  9:39  Marine x2  
  142  9:40  Marine  
  145  9:49  Medivac x2, Marine  
  145  9:51  Marine x6  
  156  9:56  Marine x2  
  156  9:57  Marine x2  
  159  10:03  Marine  
  150  10:08  Marine  
  150  10:09  Siege Tank, Marine x6  
  160  10:14  Marine x2  
  160  10:15  Marine  
  150  10:24  Marine  
  150  10:25  Marine  
  150  10:26  Marine  

Tags
 
Add a new tag
Caveats
  • Supply blocks, unpowered buildings, or Contaminate may cause inaccurate times.
  • Supply counts are checked every 10 seconds.